 Dungeon Crawl Stone Soup version 0.27-a0-414-gbb19ded6d3 (webtiles) character file.

Game seed: 1347169463630051947

19700 HoaS the Grappler (level 12, -5/106 HPs)
             Began as a Ghoul Gladiator on Feb 23, 2021.
             Was a High Priest of Okawaru.
             Slain by a boulder beetle (10 damage)
             ... on level 11 of the Dungeon on Feb 24, 2021.
             The game lasted 00:28:55 (9756 turns).

HoaS the Grappler (Ghoul Gladiator)                 Turns: 9756, Time: 00:28:56

Health: -5/106     AC: 21    Str: 20    XL:     12   Next: 71%
Magic:  23/23      EV: 12    Int: 10    God:    Okawaru [*****.]
Gold:   760        SH:  0    Dex: 21    Spells: 11/11 levels left

rFire    . . .     SeeInvis .     - Unarmed
rCold    + . .     Faith    .   (no shield)
rNeg     + + +     Spirit   .   D - +0 plate armour
rPois    ∞         Reflect  .   b - +1 helmet
rElec    .         Harm     .   r - +1 cloak
rCorr    .         Rampage  .   (no gloves)
Will     .....                  f - +1 pair of boots
Stlth    ..........             p - amulet of regeneration
HPRegen  0.00/turn              u - +6 ring of dexterity
MPRegen  0.18/turn              v - ring "Ajiyciate" {rN+ MP+9 Int+7 Dex+2}

@: mighty
A: claws 1, cold resistance 1, negative energy resistance 3, inhibited
regeneration, torment resistance, unbreathing
a: Renounce Religion, Heroism, Finesse


You were on level 11 of the Dungeon.
You worshipped Okawaru.
Okawaru was extremely pleased with you.
You visited 2 branches of the dungeon, and saw 12 of its levels.
You also visited: Sewer.

You collected 760 gold pieces.

Inventory:

Hand Weapons
 w - a +0 longbow
Missiles
 c - a throwing net (quivered)
 i - 233 arrows
Armour
 b - a +1 helmet (worn)
 f - a +1 pair of boots (worn)
 r - a +1 cloak (worn)
 D - a +0 plate armour (worn)
Jewellery
 h - a ring of protection from cold
 p - an amulet of regeneration (around neck)
 u - a +6 ring of dexterity (left claw)
 v - the ring "Ajiyciate" (right claw) {rN+ MP+9 Int+7 Dex+2}
   (You found it on level 6 of the Dungeon)

   [ring of magical power]

   It affects your intelligence (+7).
   It affects your dexterity (+2).
   It protects you from negative energy.
   It affects your magic capacity (+9).
 F - a ring of protection from cold
Wands
 a - a wand of flame (13)
 d - a wand of iceblast (4)
 s - a wand of acid (17)
 y - a wand of random effects (2)
 B - a wand of paralysis (2)
Scrolls
 g - 8 scrolls of teleportation
 k - 4 scrolls of fear
 z - a scroll of identify
 A - a scroll of enchant armour
 C - 3 scrolls of enchant weapon
 E - a scroll of fog
Potions
 e - 5 potions of curing
 j - 2 potions of berserk rage {unknown}
 l - a potion of haste
 m - 3 potions of flight {unknown}
 n - 3 potions of heal wounds {unknown}
 o - 4 potions of might
 q - a potion of attraction {unknown}
 t - 2 potions of invisibility {unknown}
 x - a potion of magic {unknown}


   Skills:
 - Level 10.0 Fighting
 - Level 2.0 Bows
 - Level 1.7 Throwing
 + Level 8.5 Armour
 + Level 9.0 Dodging
 + Level 13.6 Unarmed Combat
 + Level 4.6 Invocations


You had 11 spell levels left.
You didn't know any spells.
Your spell library contained the following spells:

 Spells                   Type           Power        Failure   Level
 Sandblast                Erth           0%           100%        1
 Passwall                 Tmut/Erth      0%           100%        2
 Stone Arrow              Conj/Erth      0%           100%        3
 Petrify                  Tmut/Erth      0%           100%        4
 Lee's Rapid Deconstruct  Erth           0%           100%        5


Dungeon Overview and Level Annotations

Branches:
Dungeon (11/15)            Temple (1/1) D:6            Lair (0/6) D:11
    Orc (0/2) D:9           Sewer (visited)

Altars:
Ashenzari
Cheibriados
Dithmenos
Elyvilon
Fedhas
Gozag
Hepliaklqana
Kikubaaqudgha
Makhleb
Nemelex Xobeh
Okawaru
Qazlal
Ru
Sif Muna
Trog
Uskayaw
Vehumet
Wu Jian
Xom
Yredelemnul
Zin
The Shining One

Shops:
D:10 (


Innate Abilities, Weirdness & Mutations

You thrive by killing the living.
You are immune to poison.
You have sharp fingernails.
Your flesh is cold resistant. (rC+)
You are immune to negative energy. (rN+++)
You do not regenerate when monsters are visible.
You are immune to unholy pain and torment.
You can survive without breathing.


Message History

You are too injured to fight recklessly!
Fire: 238 arrows
Press: ? - help, Q - select action, (/) - cycle Shift-Dir - straight line, f - boulder beetle
Aim: a boulder beetle (almost dead, 91% to hit)
You shoot an arrow.
The arrow hits the boulder beetle but does no damage.
The boulder beetle is almost dead.
The boulder beetle leaps!
Fire: 237 arrows
Press: ? - help, Q - select action, (/) - cycle Shift-Dir - straight line, f/p - boulder beetle
Aim: a boulder beetle (almost dead, 91% to hit)
You shoot an arrow.
The arrow completely misses the boulder beetle.
Fire: 236 arrows
Press: ? - help, Q - select action, (/) - cycle Shift-Dir - straight line, f/p - boulder beetle
Aim: a boulder beetle (almost dead, 91% to hit)
You shoot an arrow.
The arrow hits the boulder beetle but does no damage.
The boulder beetle is almost dead.
Fire: 235 arrows
Press: ? - help, Q - select action, (/) - cycle Shift-Dir - straight line, f/p - boulder beetle
Aim: a boulder beetle (almost dead, 90% to hit)
You shoot an arrow.
The arrow hits the boulder beetle but does no damage.
The boulder beetle is almost dead.
The boulder beetle curls into a ball and begins rolling!
Fire: 234 arrows
Press: ? - help, Q - select action, (/) - cycle Shift-Dir - straight line, f/p - boulder beetle
Aim: a boulder beetle (almost dead, 91% to hit)
You shoot an arrow.
The arrow hits the boulder beetle but does no damage.
The boulder beetle is almost dead.
The boulder beetle hits you!!!
* * * LOW HITPOINT WARNING * * *
The boulder beetle stops rolling and uncurls.
You are now empty-clawed.
You completely miss the boulder beetle.
The boulder beetle is almost dead.
The boulder beetle bites you!
You die...

.....
#######.....###.....#
....
#...###.....###.....#
....
....................#
#...................#
#......)............#
#...................#
#......)............#
#......[............#
########..@..###....#
###.B)..###....#
.....°......#....#
....°...(...#....#
...(...>....#....#
...(........'....#
............#....#
..(.........#....#
##################


You could see a boulder beetle.

Vanquished Creatures
  A centaur warrior (D:7)
  Erica (D:8)
  A tengu warrior (D:10)
  4 two-headed ogres
  Sonja (D:11)
  Pikel (D:8)
  An ugly thing (D:11)
  The ghost of p0werm0de the Skirmisher, a novice GrFi (D:7)
  A tengu conjurer (D:10)
  A troll (D:10)
  Sigmund (D:4)
  A vampire (D:9)
  Eustachio (D:5)
  21 yaks
  2 wraiths
  3 vampire mosquitoes (D:11)
  Menkaure (D:4)
  Edmund (D:5)
  2 water moccasins
  2 swamp drakes (D:11)
  8 orc warriors
  3 sky beasts
  4 black bears
  4 ice beasts
  6 centaurs
  2 necrophages
  2 ogres
  4 phantoms
  A lemure (D:8)
  A kobold brigand (D:9)
  9 bullfrogs
  5 scorpions
  10 killer bees
  19 wights
  6 howler monkeys
  2 centaur zombies
  6 hounds
  A quasit (D:11)
  2 jellies
  2 bullfrog zombies
  A bullfrog skeleton (D:8)
  11 orc priests
  3 centaur skeletons
  Crazy Yiuf (D:2)
  Ijyb (D:4)
  8 iguanas
  11 orc wizards
  Natasha (twice) (D:3)
  9 worker ants
  A centaur simulacrum (D:7)
  A hound zombie (D:8)
  2 hound skeletons
  A worker ant zombie (D:10)
  3 gnolls (D:3)
  A howler monkey skeleton (D:4)
  5 adders
  A shadow imp (D:7)
  A white imp (D:9)
  5 ufetubi
  A spectral adder (D:7)
  An adder zombie (D:9)
  An ooze (D:1)
  2 adder skeletons (D:5)
  3 dart slugs
  7 leopard geckos
  71 orcs
  3 ball pythons
  7 giant cockroaches
  3 goblins
  13 hobgoblins
  18 jackals
  13 kobolds
  3 quokkas
  10 bats
  3 frilled lizards
  A quokka zombie (D:6)
  13 rats
386 creatures vanquished.

Vanquished Creatures (others)
  Maurice (D:8)
  2 plants (D:9)
3 creatures vanquished.

Grand Total: 389 creatures vanquished

Notes
Turn   | Place    | Note
-------+----------+-------------------------------------------
     0 | D:1      | HoaS the Ghoul Gladiator began the quest for the Orb.
     0 | D:1      | Reached XP level 1. HP: 17/17 MP: 0/0
   251 | D:1      | Reached XP level 2. HP: 24/24 MP: 1/1
   295 | D:1      | Reached skill level 4 in Unarmed Combat
   507 | D:1      | Reached XP level 3. HP: 25/29 MP: 2/2
   932 | D:2      | Reached skill level 5 in Unarmed Combat
   960 | D:2      | Found a radiant altar of Vehumet.
  1035 | D:2      | Reached XP level 4. HP: 28/36 MP: 3/3
  1044 | D:2      | Found a broken altar of Ashenzari.
  1193 | D:2      | Found a basalt altar of Yredelemnul.
  1561 | D:2      | Found a runed translucent door.
  1562 | D:2      | Noticed Crazy Yiuf
  1568 | D:2      | Killed Crazy Yiuf
  1569 | D:2      | Reached skill level 6 in Unarmed Combat
  1569 | D:2      | Reached XP level 5. HP: 41/41 MP: 4/4
  1825 | D:3      | Reached skill level 7 in Unarmed Combat
  1863 | D:3      | Reached XP level 6. HP: 46/48 MP: 5/5
  2424 | D:3      | Noticed Natasha
  2428 | D:3      | Killed Natasha
  2471 | D:3      | Noticed Natasha
  2484 | D:3      | Killed Natasha
  2604 | D:4      | Reached skill level 8 in Unarmed Combat
  2621 | D:4      | Reached XP level 7. HP: 19/55 MP: 6/6
  2916 | D:4      | Found a stormy altar of Qazlal.
  3248 | D:5      | Entered Level 5 of the Dungeon
  3356 | D:5      | Reached skill level 9 in Unarmed Combat
  3356 | D:5      | Noticed Menkaure
  3359 | D:5      | Noticed Sigmund
  3372 | D:5      | Noticed Eustachio
  3373 | D:5      | Noticed Ijyb
  3441 | D:4      | Killed Menkaure
  3465 | D:4      | Killed Sigmund
  3466 | D:4      | Reached skill level 10 in Unarmed Combat
  3466 | D:4      | Reached skill level 1 in Armour
  3466 | D:4      | Reached XP level 8. HP: 62/62 MP: 7/7
  3550 | D:4      | Killed Ijyb
  3576 | D:5      | Killed Eustachio
  4275 | D:6      | Noticed Edmund
  4295 | D:5      | Killed Edmund
  4415 | D:6      | Found a glowing drain.
  4420 | Sewer    | Entered a sewer
  4482 | Sewer    | Reached XP level 9. HP: 72/72 MP: 8/8
  4575 | D:6      | Found a staircase to the Ecumenical Temple.
  4645 | Temple   | Entered the Ecumenical Temple
  4724 | Temple   | Became a worshipper of Warmaster Okawaru
  4847 | D:6      | Got a sparkling amber ring
  4954 | D:6      | Identified the ring "Ajiyciate" {rN+ MP+9 Int+7 Dex+2} (You
                  | found it on level 6 of the Dungeon)
  4981 | D:6      | Reached skill level 5 in Fighting
  5028 | D:6      | Reached skill level 1 in Invocations
  5109 | D:6      | Reached skill level 1 in Bows
  5379 | D:7      | Found a transporter.
  5403 | D:7      | Found a transporter.
  5403 | D:7      | Noticed p0werm0de's ghost (novice GrFi)
  5420 | D:7      | Reached * piety under Okawaru
  5421 | D:7      | Reached skill level 11 in Unarmed Combat
  5440 | D:7      | Reached skill level 5 in Dodging
  5531 | D:7      | Found a shadowy altar of Dithmenos.
  5654 | D:7      | Noticed a centaur warrior
  5662 | D:7      | Killed a centaur warrior
  5662 | D:7      | Reached ** piety under Okawaru
  5663 | D:7      | Reached XP level 10. HP: 37/84 MP: 10/10
  6018 | D:7      | Reached skill level 5 in Armour
  6182 | D:8      | Noticed Pikel
  6183 | D:8      | Upgraded the game from 0.27-a0-412-g8dd771eca2 to
                  | 0.27-a0-414-gbb19ded6d3
  6207 | D:8      | Killed Pikel
  6207 | D:8      | Reached *** piety under Okawaru
  6252 | D:8      | Noticed a two-headed ogre
  6260 | D:8      | Killed a two-headed ogre
  6260 | D:8      | Received a gift from Okawaru
  6278 | D:8      | Noticed Maurice
  6284 | D:8      | Paralysed by something for 4 turns
  6299 | D:8      | Paralysed by something for 3 turns
  6307 | D:8      | Killed Maurice
  6474 | D:8      | Reached skill level 12 in Unarmed Combat
  6555 | D:8      | Found a hazy altar of Hepliaklqana.
  6556 | D:8      | Found a shimmering altar of Xom.
  6556 | D:8      | Noticed a death ooze
  6557 | D:8      | Noticed a spectral ugly thing
  6627 | D:8      | Noticed Erica
  6644 | D:8      | Killed Erica
  6644 | D:8      | Reached **** piety under Okawaru
  6645 | D:8      | Reached XP level 11. HP: 94/94 MP: 11/11
  6737 | D:8      | Noticed a two-headed ogre
  6747 | D:8      | Killed a two-headed ogre
  7077 | D:7      | Killed p0werm0de's ghost
  7077 | D:7      | Received a gift from Okawaru
  7254 | D:9      | Reached ***** piety under Okawaru
  8030 | D:9      | Found an opulent altar of Gozag.
  8031 | D:9      | Found a sparkling altar of Nemelex Xobeh.
  8032 | D:9      | Found a blossoming altar of Fedhas.
  8066 | D:9      | Identified a translucent dagger {god gift} (Okawaru gifted
                  | it to you on level 9 of the Dungeon)
  8066 | D:9      | Received a gift from Okawaru
  8208 | D:9      | Found a staircase to the Orcish Mines.
  8420 | D:10     | Entered Level 10 of the Dungeon
  8727 | D:10     | Identified a fine ring mail
  8746 | D:10     | Found Xuavufyrph's Antique Weapon Boutique.
  8831 | D:10     | Noticed a two-headed ogre
  8846 | D:10     | Killed a two-headed ogre
  8847 | D:10     | Reached skill level 13 in Unarmed Combat
  8847 | D:10     | Reached XP level 12. HP: 20/105 MP: 12/12
  9044 | D:10     | Noticed a tengu warrior
  9061 | D:10     | Killed a tengu warrior
  9257 | D:11     | Found a staircase to the Lair.
  9440 | D:11     | Noticed Sonja
  9467 | D:11     | Paralysed by Sonja for 3 turns
  9479 | D:11     | Reached skill level 10 in Fighting
  9490 | D:11     | Killed Sonja
  9615 | D:11     | Noticed a two-headed ogre
  9636 | D:11     | Killed a two-headed ogre
  9661 | D:11     | Received a gift from Okawaru
  9734 | D:11     | Noticed a boulder beetle
  9754 | D:11     | HP: 5/106 [boulder beetle (41)]
  9756 | D:11     | Slain by a boulder beetle

Illustrated notes

Levels and vault maps discovered:
D:1:      scummos_arrival_star, layout_basic
D:2:      layout_rooms, general_overflow_altar, nicolae_overflow_crystal_walls,
          lemuel_doored_altar, uniq_crazy_yiuf_cottage
D:3:      layout_basic, uniq_natasha
D:4:      layout_basic, nicolae_qazlal_eye_of_the_storm, glass_columns_b
D:5:      layout_basic, uniq_menkaure, uniq_ijyb, uniq_eustachio, uniq_sigmund
D:6:      layout_rooms, temple_pool_b, portal_sewer_entry_e, st_stairs_6,
          uniq_edmund
D:7:      layout_basic, overflow_temple_1_default, gammafunk_ghost_mausoleum,
          minmay_three_doors
D:8:      layout_loops_ring, regret_index_temple_of_mockery, uniq_pikel,
          uniq_erica, uniq_maurice
D:9:      kennysheep_spiral_hall, layout_irregular_city,
          gammafunk_temple_overflow_forgotten, hiddenorc1_lemuel
D:10:     layout_roguey, serial_shops, shop
D:11:     layout_gridville, lair_entry_dummy, pond, uniq_sonja
Temple:   nicolae_temple_hex_pool

Skill      XL: |  1  2  3  4  5  6  7  8  9 10 11 12 |
---------------+-------------------------------------+-----
Unarmed Combat | 4 5 6 7 8 10 11 12 13 | 13.6
Armour         | 1 3 4 6 7 8 |  8.5
Dodging        | 3 4 5 6 8 9 |  9.0
Fighting       | 4 6 7 9 10 | 10.0
Invocations    | 2 4 |  4.6
Bows           | 2 |  2.0
Throwing       | |  1.7

Action                   |  1- 3 |  4- 6 |  7- 9 | 10-12 || total
-------------------------+-------+-------+-------+-------++-------
Melee: Unarmed           |   112 |   168 |   341 |   746 ||  1367
       Punch             |     1 |     2 |    14 |    60 ||    77
 Fire: Longbow           |       |       |       |    10 ||    10
Throw: Throwing net      |       |     1 |     3 |     4 ||     8
Invok: Heroism           |       |       |     1 |     3 ||     4
       Finesse           |       |       |       |     2 ||     2
Evoke: Wand              |       |       |     1 |     3 ||     4
  Use: Scroll            |     2 |     4 |     7 |    10 ||    23
       Potion            |       |     1 |       |     2 ||     3
 Stab: Held in net/web   |       |       |     1 |     3 ||     4
Armor: Leather armour    |     7 |       |       |       ||     7
       Ring mail         |    28 |    43 |     2 |       ||    73
       Scale mail        |       |       |    76 |       ||    76
       Chain mail        |       |       |   118 |    30 ||   148
       Plate armour      |       |       |       |   265 ||   265
Dodge: Dodged            |    69 |    79 |   189 |   302 ||   639

Table legend: (Time is in decaauts)
 A = Elapsed time spent in this place.
 B = Non-inter-level travel time spent in this place.
 C = Inter-level travel time spent in this place.
 D = Time resting spent in this place.
 E = Time spent auto-exploring this place.
 F = Levels seen in this place.
 G = Mean time per level.
                   A        B        C        D        E       F      G
               +--------+--------+--------+--------+--------+-----+--------+
         Total |   9507 |   8885 |    622 |   1071 |   5268 |  13 |  731.3 |
       Dungeon |   9300 |   8701 |    599 |   1071 |   5120 |  11 |  845.5 |
        Temple |     99 |     76 |     23 |      0 |     75 |   1 |   99.0 |
         Sewer |    107 |    107 |      0 |      0 |     72 |   1 |  107.0 |
               +--------+--------+--------+--------+--------+-----+--------+

Top non-repeatable levels by time:
     D:9: 1164 daAuts
     D:7: 1056 daAuts
     D:3: 932 daAuts
     D:5: 929 daAuts
     D:1: 897 daAuts
     D:8: 879 daAuts
     D:4: 817 daAuts
    D:10: 761 daAuts
     D:2: 715 daAuts
     D:6: 664 daAuts
    D:11: 482 daAuts
   Sewer: 107 daAuts
  Temple: 99 daAuts
